 Dungeon Crawl Stone Soup version 0.28-a0-1241-gf280a0fbb2 (webtiles) character file.

Game seed: 6280638756575126751

100 KyoPewz the Caller (level 4, -2/30 HPs)
             Began as a Merfolk Summoner on Dec 26, 2021.
             Slain by a hornet zombie (10 damage)
             ... on level 3 of the Dungeon.
             The game lasted 00:12:51 (3604 turns).

KyoPewz the Caller (Merfolk Summoner)               Turns: 3604, Time: 00:12:51

Health: -2/30      AC:  3    Str:  8    XL:     4   Next: 74%
Magic:  1/8        EV: 12    Int: 16    God:
Gold:   63         SH:  5    Dex: 14    Spells: 2/8 levels left

rFire   . . .      SeeInvis .   n - +0 spear {polearm}
rCold   . . .      Faith    .   (no shield)
rNeg    . . .      Spirit   .   a - +0 robe
rPois   .          Reflect  +   o - +0 helmet
rElec   .          Harm     .   (no cloak)
rCorr   .          Rampage  .   (no gloves)
Will    .....                   (no boots)
Stlth   ++........              m - amulet of reflection
HPRegen 0.10/turn               (no ring)
MPRegen 0.11/turn               (no ring)

@: no status effects
A: (nimble swimmer 2), mertail
a: no special abilities


You were on level 3 of the Dungeon.
You visited 1 branch of the dungeon, and saw 3 of its levels.

You collected 144 gold pieces.
You spent 81 gold pieces at shops.


Innate Abilities, Weirdness & Mutations

((You are very nimble when in or above water. (Stealth+, EV+, Speed+++)))
Your lower body shifts to a powerful aquatic tail in water.


   Skills:
 - Level 2.6 Dodging
 - Level 2.1 Stealth
 + Level 2.9 Spellcasting
 * Level 5.4 Summonings


You had 2 spell levels left.
You knew the following spells:

 Your Spells              Type           Power      Damage    Failure   Level
a - Summon Small Mammal   Summ           76%        N/A       1%          1
b - Call Imp              Summ           19%        N/A       3%          2
c - Call Canine Familiar  Summ           19%        N/A       6%          3

Your spell library contained the following spells:

 Spells                   Type           Power      Damage    Failure   Level
 Summon Guardian Golem    Hex/Summ       11%        N/A       19%         3
 Summon Lightning Spire   Summ/Air       11%        N/A       52%         4

Inventory:

Hand Weapons
 c - a +0 dagger {short}
   (You took it off a kobold on level 1 of the Dungeon)
 n - a +0 spear (weapon) {polearm}
   (You found it on level 3 of the Dungeon)
Missiles
 b - 99 stones {throwing}
 f - a silver boomerang {throwing}
 g - 32 bolts
 h - 12 arrows
 j - 5 boomerangs {throwing}
Armour
 a - a +0 robe (worn)
 o - a +0 helmet (worn)
   (You took it off Robin on level 3 of the Dungeon)
Jewellery
 m - an amulet of reflection (around neck)
   (You found it on level 3 of the Dungeon)
Scrolls
 l - a scroll of enchant weapon {unknown}
 p - a scroll of amnesia {unknown}
 q - a scroll of noise {unknown}
Potions
 d - a potion of heal wounds {@q2}
 e - a potion of flight
 i - a potion of mutation {unknown}
 k - a potion of might {unknown}
 r - a potion of magic {unknown}

Dungeon Overview and Level Annotations

Branches:
Dungeon (3/15)

Altars:

Shops:
D:3

*:= ##.#........##
.............#
###.....∩.[..#
#..#######.# #####
#..........# ####...#
###.########
#......#######.#
#......'.....#.######
#.....@####.........#
####..Z# #.........#
#....5h# #.........#
#......# ###########
#......# #......#
#......# ######.#
#.....#


You could see a hornet zombie (ally target), a friendly hound (summoned) and a
friendly crimson imp (summoned).


Message History

The hobgoblin hits you but does no damage.
Your rat bites the hobgoblin.
Your quokka bites the worm.
Your hound bites the worm but does no damage. 😕 HP[+1]
You barely miss the hobgoblin.
Your crimson imp hits the worm.
Your hound bites the worm.
The hobgoblin closely misses you.
Your quokka bites the worm but does no damage.
Your rat barely misses the hobgoblin.
The worm bites your hound!
Your hound dies!
Your hound's corpse disappears in a puff of smoke!
You hit the hobgoblin but do no damage.
Your crimson imp hits the worm.
Your quokka bites the worm.
The worm dies!
The hobgoblin barely misses you.
Your rat barely misses the hobgoblin.
You hit the hobgoblin but do no damage.
The hobgoblin hits you but does no damage.
Your rat bites the hobgoblin.
You barely miss the hobgoblin. Your rat misses the hobgoblin.
The hobgoblin closely misses you.
You hit the hobgoblin.
You kill the hobgoblin! 😕 MP[+1]
Things that are here:
a +0 dagger {short}; a goblin corpse Your rat disappears in a puff of smoke!
Your quokka disappears in a puff of smoke!
Your crimson imp disappears in a puff of smoke!
Things that are here:
a +0 club {mace}; a +0 club {mace}; 😎 HP[+4] MP[+6]
Your hp is fully restored (30).
Your mp is fully restored (8).
o - a +0 helmet
Items here: )) [ †††.
Things that are here:
a +0 dagger {short}; a +0 dagger {short}; a goblin corpse
There are no items here.
Items here: )) [ †††.
Okay, then.
You see here a +0 club {mace}.
p - a +0 club {mace}
Things that are here:
a +0 dagger {short}; a +0 dagger {short}; a goblin corpse Drop what? 16/52 slots (_ for help) (? for menu, Esc to quit)
You drop a +0 club {mace}.
Found Cise's Assorted Antiques.
You start putting on your armour.
You continue putting on your +0 helmet. x4
You finish putting on your +0 helmet.
There is an entrance to Cise's Assorted Antiques here.
p - a scroll labelled HEAKLA ARGHUE;
q - a scroll labelled HACUAC ESELIA
r - a black potion Thank you for shopping at Cise's Assorted Antiques!
You see here a +0 leather armour.
You open the door.
There is an open door here.
You now have 63 gold pieces (gained 18).
A hornet zombie comes into view.
A hornet zombie is nearby!
You reach to attack!
You hit the hornet zombie.
Casting: Summon Small Mammal (safe; 1% risk of failure)
Confirm with . or Enter, or press ? or * to list all spells.
You miscast Call Canine Familiar.
You are very lightly contaminated with residual magic.
Nothing appears to happen.
The hornet zombie barely misses you. 😎 MP[-3]
You lost 3 mp, and now have 5/8 mp.
Casting: Call Canine Familiar (dangerous; 6% risk of failure)
Confirm with . or Enter, or press ? or * to list all spells.
The hornet zombie completely misses you.
The hornet zombie hits you but does no damage. 😎 MP[-3]
You lost 3 mp, and now have 2/8 mp.
A hornet zombie is nearby!
You hit the hornet zombie.
Your hound bites the hornet zombie.
The hornet zombie hits you.
Your hound bites the hornet zombie. 😕 HP[-5]
You take 5 damage, and now have 25/30 hp.
Casting: Call Canine Familiar (dangerous; 6% risk of failure)
Confirm with . or Enter, or press ? or * to list all spells.
A beastly little devil appears in a puff of flame.
The hornet zombie hits you!
Your hound barely misses the hornet zombie.
The hornet zombie hits you.
* * * LOW HITPOINT WARNING * * *
😨 HP[-13] MP[-2]
You take 13 damage, and now have 12/30 hp.
MASSIVE DAMAGE!! (PAUSE)
You lost 2 mp, and now have 0/8 mp.
Your hound bites the hornet zombie but does no damage. x2
Your hound closely misses the hornet zombie.
The hornet zombie barely misses you.
Your hound bites the hornet zombie.
Your magical contamination has completely faded away.
Your hound barely misses the hornet zombie. 😨 MP[+1]
The hornet zombie hits you.
* * * LOW HITPOINT WARNING * * *
😱 HP[-5]
You take 5 damage, and now have 7/30 hp.
You hit the hornet zombie but do no damage.
Your hound closely misses the hornet zombie.
The hornet zombie hits you!
You die...

Skill      XL: |  1  2  3 |
---------------+----------+-----
Summonings     | 5 |  5.4
Dodging        | |  2.6
Stealth        | |  2.1
Spellcasting   | |  2.9

Action                   |  1- 3 |  4- 6 || total
-------------------------+-------+-------++-------
Melee: Unarmed           |    22 |       ||    22
       Dagger            |    72 |    26 ||    98
       Spear             |       |    14 ||    14
 Cast: Summon Small Mamm |    29 |     9 ||    38
       Call Imp          |     3 |     3 ||     6
       Call Canine Famil |     4 |     2 ||     6
  Use: Scroll            |       |     3 ||     3
 Stab: Sleeping          |     8 |     1 ||     9
       Distracted        |       |     1 ||     1
Armor: Robe              |    11 |     9 ||    20
Dodge: Dodged            |    73 |    22 ||    95
Block: Other             |       |     1 ||     1

Levels and vault maps discovered:
D:1:      tarquinn_simple_flora_water_d, layout_rooms, minmay_three_crescents
D:2:      layout_basic
D:3:      layout_basic, serial_shops, nicolae_shop_statue_plus, shop, shop,
          uniq_robin

Notes
Turn   | Place    | Note
-------+----------+-------------------------------------------
     0 | D:1      | KyoPewz the Merfolk Summoner began the quest for the Orb.
     0 | D:1      | Reached XP level 1. HP: 13/13 MP: 3/3
     0 | D:1      | magus.rc [v1.9.6]
   555 | D:1      | Reached XP level 2. HP: 9/19 MP: 1/5
   857 | D:1      | Learned a level 2 spell: Call Imp
  1393 | D:1      | Reached XP level 3. HP: 24/24 MP: 6/6
  1581 | D:1      | Learned a level 3 spell: Call Canine Familiar
  2449 | D:2      | Reached skill level 5 in Summonings
  2519 | D:2      | Reached XP level 4. HP: 20/30 MP: 4/8
  3024 | D:3      | Found Zoavvulu's Jewellery Boutique.
  3193 | D:3      | Found Dyrhurapp's Book Emporium.
  3445 | D:3      | Noticed Robin
  3454 | D:3      | Killed Robin
  3543 | D:3      | Found Cise's Assorted Antiques.
  3553 | D:3      | Bought a scroll labelled HEAKLA ARGHUE for 28 gold pieces
  3553 | D:3      | Bought a scroll labelled HACUAC ESELIA for 28 gold pieces
  3553 | D:3      | Bought a black potion for 25 gold pieces
  3603 | D:3      | HP: 7/30 [hornet zombie (5)]
  3604 | D:3      | Slain by a hornet zombie

Vanquished Creatures
  An adder (D:2)
  2 endoplasms
  10 goblins
  3 hobgoblins
  2 kobolds
  3 quokkas
  3 ball pythons
  3 bats
  A frilled lizard (D:3)
  2 rats (D:1)
30 creatures vanquished.

Vanquished Creatures (collateral kills)
  Robin (D:3)
  A worm (D:3)
  An orc (D:3)
  3 ball pythons (D:1)
  3 endoplasms (D:1)
  2 giant cockroaches
  2 hobgoblins (D:3)
  5 quokkas
  2 bats (D:1)
  A frilled lizard (D:1)
  9 goblins
  6 kobolds
  5 rats
41 creatures vanquished.

Vanquished Creatures (others)
  2 fungi (D:1)
  2 plants (D:1)
4 creatures vanquished.

Grand Total: 75 creatures vanquished

Table legend:
 A = Non-vault XP
 B = Vault XP
 C = Vault XP percentage of total XP
 D = Non-vault monster count
 E = Vault monster count
 F = Vault count percentage of total count
                 A         B        C        D         E       F
            +---------+---------+-------+---------+---------+-------
      Total |     104 |      40 |  27.8 |      53 |      18 |  25.4
            +---------+---------+-------+---------+---------+-------
        D:1 |      44 |       6 |  12.0 |      27 |       6 |  18.2
        D:2 |      41 |       0 |   0.0 |      17 |       0 |   0.0
        D:3 |      19 |      34 |  64.2 |       9 |      12 |  57.1
            +---------+---------+-------+---------+---------+-------

Illustrated notes

Table legend:
 A = Kills in this place as a percentage of kills in entire the game.
 B = Kills by you in this place as a percentage of kills by you in the entire game.
 C = Kills by friends in this place as a percentage of kills by friends in the entire game.
 D = Other kills in this place as a percentage of other kills in the entire game.
 E = Experience gained in this place as a percentage of experience gained in the entire game.
 F = Experience gained in this place divided by the number of levels of this place that you have seen.
                   A       B       C       D       E      F
               +-------+-------+-------+-------+-------+----------------------
         Total | 100.0 | 100.0 | 100.0 |   N/A | 100.0 |  48.0
       Dungeon | 100.0 | 100.0 | 100.0 |   N/A | 100.0 |  48.0
               +-------+-------+-------+-------+-------+----------------------

Table legend: (Time is in decaauts)
 A = Elapsed time spent in this place.
 B = Non-inter-level travel time spent in this place.
 C = Inter-level travel time spent in this place.
 D = Time resting spent in this place.
 E = Time spent auto-exploring this place.
 F = Levels seen in this place.
 G = Mean time per level.
                   A        B        C        D        E       F      G
               +--------+--------+--------+--------+--------+-----+--------+
         Total |   3602 |   3584 |     18 |   1114 |   1822 |   3 | 1200.7 |
       Dungeon |   3602 |   3584 |     18 |   1114 |   1822 |   3 | 1200.7 |
               +--------+--------+--------+--------+--------+-----+--------+

Top non-repeatable levels by time:
     D:1: 1935 daAuts
     D:2: 1058 daAuts
     D:3: 608 daAuts
